 Dungeon Crawl Stone Soup version 0.22.1-1-ga44c0e5 (webtiles) character file.

690 Fang the Chopper (level 7, -11/44 HPs)
             Began as a Gargoyle Berserker on Oct 17, 2018.
             Was a Priest of Trog.
             Mangled by Eustachio
             ... wielding a +4 falchion of distortion
              (17 damage)
             ... on level 4 of the Dungeon.
             The game lasted 00:07:32 (4161 turns).

Fang the Chopper (Gargoyle Berserker)               Turns: 4161, Time: 00:07:33

Health: -11/44     AC:  7    Str: 23    XL:     7   Next: 63%
Magic:  7/7        EV: 13    Int:  7    God:    Trog [***...]
Gold:   78         SH:  0    Dex:  9    Spells: 6/6 levels left

rFire    . . .     SeeInvis .   r - +2 hand axe (elec)
rCold    . . .     Gourm    .   (no shield)
rNeg     + . .     Faith    .   b - +0 animal skin
rPois    ∞         Spirit   .   (no helmet)
rElec    +         Reflect  .   (no cloak)
rCorr    .         Harm     .   (no gloves)
MR       +....                  (no boots)
Stlth    ++........             (no amulet)
HPRegen  0.14/turn              k - ring of protection from magic
MPRegen  0.10/turn              (no ring)

@: berserk cooldown, slowed, very slow
A: negative energy resistance 1, electricity resistance, unbreathing,
petrification resistance, rot immunity, AC +4
a: Berserk, Trog's Hand, Renounce Religion


You were on level 4 of the Dungeon.
You worshipped Trog.
Trog was most pleased with you.
You were very hungry.

You visited 1 branch of the dungeon, and saw 4 of its levels.
You also visited: Sewer.

You collected 78 gold pieces.

Inventory:

Hand Weapons
 a - a +0 hand axe
 r - a +2 hand axe of electrocution (weapon)
Armour
 b - a +0 animal skin (worn)
Jewellery
 k - a ring of protection from magic (left hand)
Scrolls
 g - 2 scrolls of identify
 i - a scroll of teleportation
 j - a scroll of enchant weapon {unknown}
 o - a scroll of fear {unknown}
 p - a scroll of remove curse
 q - a scroll of enchant armour {unknown}
Potions
 d - a potion of haste {unknown}
 e - 2 potions of agility
 f - 2 potions of might {unknown}
 h - 3 potions of heal wounds {unknown}
 l - 9 potions of curing {unknown}
 m - 2 potions of flight {unknown}
 n - a potion of degeneration {unknown}
Comestibles
 c - 7 rations


   Skills:
 + Level 5.2 Fighting
 + Level 5.8 Axes
 + Level 2.3 Armour
 + Level 3.5 Dodging
 + Level 1.8 Stealth


You had 6 spell levels left.
You didn't know any spells.
Your spell library was empty.

Dungeon Overview and Level Annotations

Branches:
Dungeon (4/15)
 Temple: D:4-7

Altars:
Hepliaklqana

Annotations:
D:4 Eustachio


Innate Abilities, Weirdness & Mutations

You are resistant to torment.
Your stone body is resilient. (AC +4)
You are immune to poison.
You resist negative energy. (rN+)
You are resistant to electric shocks. (rElec)
You can survive without breathing.
You are immune to petrification.
You are immune to rotting.


Message History

You closely miss Eustachio.
Eustachio is moderately wounded.
You closely miss the quasit. You hit the iron imp but do no damage.
You closely miss the shadow imp. The quasit barely misses you. x2
The quasit claws you but does no damage.
The iron imp closely misses you.
The quasit bites you but does no damage.
The quasit closely misses you. x2; Eustachio closely misses you.
The shadow imp gestures at you. Pain shoots through your body!
The iron imp hits you.
You barely miss Eustachio.
Eustachio is moderately wounded.
You miss the quasit. You hit the iron imp but do no damage.
You hit the shadow imp. The quasit misses you.
The quasit claws you but does no damage.
The quasit barely misses you.
Eustachio hits you with a falchion of distortion!
* * * LOW HITPOINT WARNING * * *
Space warps horribly around you!
You die...

### ### #.# #.#
###.########.####
##...............#
...#..#######.##5#
#..#..#######.##@###
#..#...........5@5.#####
......#####............#
#..#..#####...##.#..#..#
..............##.#..# .#
...#......#...##.#..#
...#..##.............
...#..##............#.
......##..#..###.#..#..


You could see Eustachio, an iron imp, a quasit and a shadow imp.

Vanquished Creatures
  Sigmund (D:2)
  3 big kobolds (Sewer)
  An orc priest (D:4)
  Crazy Yiuf (D:2)
  A worker ant (D:3)
  4 river rats (Sewer)
  6 adders
  An ooze (D:1)
  7 worms
  3 dart slugs
  4 leopard geckos
  7 orcs
  9 bats
  2 giant cockroaches
  14 goblins
  6 hobgoblins
  A jackal (D:2)
  20 kobolds
  7 ball pythons
  3 frilled lizards
  26 rats
127 creatures vanquished.

Notes
Turn   | Place    | Note
-------+----------+-------------------------------------------
     0 | D:1      | Fang the Gargoyle Berserker began the quest for the Orb.
     0 | D:1      | Reached XP level 1. HP: 14/14 MP: 1/1
   233 | D:1      | Reached XP level 2. HP: 11/19 MP: 2/2
   678 | D:1      | Reached XP level 3. HP: 24/24 MP: 3/3
  1045 | D:2      | Reached ** piety under Trog
  1060 | D:2      | Reached XP level 4. HP: 22/29 MP: 4/4
  1436 | D:2      | Noticed Sigmund
  1448 | D:2      | Killed Sigmund
  1448 | D:2      | Reached XP level 5. HP: 11/34 MP: 5/5
  1448 | D:2      | Reached XP level 6. HP: 12/39 MP: 6/6
  1825 | D:2      | Found a runed door.
  2176 | D:2      | Noticed Crazy Yiuf
  2184 | D:2      | Killed Crazy Yiuf
  2320 | D:3      | Found a glowing drain.
  2329 | Sewer    | Entered a sewer
  2349 | Sewer    | Reached skill level 1 in Stealth
  2383 | Sewer    | Reached skill level 5 in Axes
  2386 | Sewer    | Reached XP level 7. HP: 31/44 MP: 7/7
  2618 | Sewer    | Reached skill level 5 in Fighting
  3030 | Sewer    | Reached *** piety under Trog
  3741 | D:3      | Found a hazy altar of Hepliaklqana.
  4134 | D:4      | Noticed Eustachio
  4161 | D:4      | Mangled by Eustachio

Skill      XL: |  1  2  3  4  5  6  7 |
---------------+----------------------+-----
Axes           | 3 4 5 |  5.8
Dodging        | 2 3 |  3.5
Fighting       | 4 5 |  5.2
Stealth        | 1 |  1.8
Armour         | |  2.3

Action                   |  1- 3 |  4- 6 |  7- 9 || total
-------------------------+-------+-------+-------++-------
Melee: Hand axe          |   122 |   107 |   207 ||   436
Invok: Berserk           |     1 |     3 |     2 ||     6
  Use: Scroll            |       |     3 |       ||     3
 Stab: Sleeping          |       |     2 |     2 ||     4
  Eat: Chunk             |       |     5 |     7 ||    12
       Ration            |       |     1 |       ||     1
Armor: Animal skin       |    48 |    31 |    70 ||   149
Dodge: Dodged            |    98 |    54 |   159 ||   311
